 Dungeon Crawl Stone Soup version 0.30-a0-738-g116ff8c4af (webtiles) character file.

Game seed: 9483667263874888552

4048 Hubris850 the Markskobold (level 10, -1/53 HPs)
             Began as a Kobold Hunter on Feb 3, 2023.
             Was a Believer of Fedhas.
             Slain by a warg (10 damage)
             ... on level 9 of the Dungeon.
             The game lasted 00:25:39 (7164 turns).

Hubris850 the Markskobold (Kobold Hunter)           Turns: 7164, Time: 00:25:40

Health: -1/53      AC:  8    Str:  9    XL:     10   Next: 48%
Magic:  11/13      EV: 15    Int: 12    God:    Fedhas [**....]
Gold:   359        SH:  0    Dex: 21    Spells: 9/13 levels left

rFire   . . .      SeeInvis +    A - +5 arbalest (drain)
rCold   + . .      Faith    .    (shield currently unavailable)
rNeg    . . .      Spirit   .    c - +0 leather armour
rPois   .          Reflect  .    (no helmet)
rElec   .          Harm     .    v - +1 cloak
rCorr   .          Rampage  .    C - +2 pair of gloves
Will    .....                    (no boots)
Stlth   ++++                     I - amulet of the acrobat
HPRegen 0.28/turn                l - ring "Puabb" {+Blink rC+}
MPRegen 0.13/turn                F - ring of see invisible

@: no status effects
A: small, no large weapons, nightstalker 3
a: Renounce Religion, Evoke Blink, Wall of Briars


You were on level 9 of the Dungeon.
You worshipped Fedhas.
Fedhas was pleased with you.
You visited 2 branches of the dungeon, and saw 10 of its levels.

You collected 359 gold pieces.

Inventory:

Hand Weapons
 a - a +0 shortbow of draining
 q - a +0 vampiric dagger
 s - a +2 dagger of freezing
 A - a +5 arbalest of draining (weapon)
Missiles
 D - 13 poisoned darts
 E - 3 boomerangs
Armour
 c - a +0 leather armour (worn)
 h - a +0 pair of gloves
 r - a +2 buckler
 v - a +1 cloak (worn)
 C - a +2 pair of gloves (worn)
Magical Staves
 w - a staff of cold
Jewellery
 l - the ring "Puabb" (left hand) {+Blink rC+}
   (You acquired it on level 3 of the Dungeon)

   [ring of protection from cold]

   rC:        It protects you from cold.
   +Blink:    It lets you blink.
 m - a ring of fire
 t - a ring of positive energy
 B - a ring of protection from fire
 F - a ring of see invisible (right hand)
 I - an amulet of the acrobat (around neck)
Wands
 y - a wand of acid (4)
 G - a wand of mindburst (5)
 J - a wand of charming (8)
Scrolls
 b - 3 scrolls of immolation
 g - 4 scrolls of magic mapping
 j - 2 scrolls of teleportation
 x - a scroll of fear
 H - a scroll of butterflies
Potions
 d - a potion of haste
 e - 3 potions of curing
 f - 2 potions of berserk rage
 i - 2 potions of lignification
 n - 2 potions of cancellation
 o - a potion of brilliance
 p - 2 potions of might
 z - a potion of invisibility {unknown}


   Skills:
 - Level 2.1 Fighting
 + Level 15.8 Ranged Weapons
 - Level 2.4 Dodging
 - Level 5.0 Stealth
 - Level 2.0 Spellcasting
 - Level 3.0 Conjurations
 - Level 2.0 Translocations
 - Level 5.0 Fire Magic
 - Level 2.0 Air Magic
 - Level 3.0 Evocations


You had 9 spell levels left.
You knew the following spells:

 Your Spells              Type           Power      Damage    Failure   Level
a - Foxfire               Conj/Fire      40%        2x1d6     8%          1
b - Kindle Blastsparks    Fire/Tloc/Air  16%        2d11      32%         3

Your spell library contained the following spells:

 Spells                   Type           Power      Damage    Failure   Level
 Apportation              Tloc           12%        N/A       17%         1
 Necrotise                Necr           4%         1d4       36%         1
 Summon Small Mammal      Summ           4%         N/A       36%         1
 Ignite Poison            Fire/Tmut/Pois 5%         N/A       52%         3
 Stone Arrow              Conj/Erth      8%         3d7       52%         3
 Airstrike                Air            3%         2d(1-17)  86%         4
 Fireball                 Conj/Fire      5%         3d5       90%         5
 Summon Lightning Spire   Summ/Air       3%         N/A       94%         4
 Animate Armour           Summ/Erth      2%         N/A       98%         4
 Lightning Bolt           Conj/Air       3%         1d15      98%         5
 Freezing Cloud           Conj/Ice/Air   2%         6-21      99%         5
 Starburst                Conj/Fire      5%         6d4       100%        6
 Lehudib's Crystal Spear  Conj/Erth      2%         10d2      100%        8


Dungeon Overview and Level Annotations

Branches:
Dungeon (9/15)             Temple (1/1) D:5             Orc (0/2) D:9
   Lair: D:8-11

Altars:
Cheibriados
Dithmenos
Fedhas
Gozag
Makhleb
Nemelex Xobeh
Okawaru
Ru
Sif Muna
Uskayaw
Vehumet
Wu Jian
Yredelemnul
Zin
The Shining One

Shops:
D:8 *

Annotations:
D:9 Maggie


Innate Abilities, Weirdness & Mutations

You are small and have problems with some larger weapons.
You are completely attuned to the shadows.


Message History

A warg comes into view.
The warg bites you.
* * * LOW HITPOINT WARNING * * *
Fire: A) +5 arbalest (drain)
Press: ? - help, Q - select action, (/) - cycle Shift-Dir - straight line, f/p - warg
Aim: a warg (almost dead, ally target, 65% to hit)
You shoot a bolt. The bolt hits the warg!!
You kill the warg!
Fedhas appreciates your contribution to the ecosystem.
Fire: A) +5 arbalest (drain)
Press: ? - help, Q - select action, (/) - cycle Shift-Dir - straight line, f - warg
Aim: a warg (ally target, 65% to hit)
You shoot a bolt. Fedhas protects your plant from harm.
The bolt closely misses the warg.
You hear a shout!
The warg bites you.
* * * LOW HITPOINT WARNING * * *
You hear a shout!
Fire: A) +5 arbalest (drain)
Press: ? - help, Q - select action, (/) - cycle Shift-Dir - straight line, f/p - warg
Aim: a warg (ally target, 65% to hit)
You shoot a bolt. The bolt barely misses the warg.
Your briar patch disappears in a puff of smoke!
A troll comes into view.
The warg closely misses you.
Fire: A) +5 arbalest (drain)
Press: ? - help, Q - select action, (/) - cycle Shift-Dir - straight line, f/p - warg
Aim: a warg (ally target, 65% to hit)
You shoot a bolt. The bolt hits the warg!
You drain the warg.
The warg is heavily wounded.
The warg bites you but does no damage.
Fire: A) +5 arbalest (drain)
Press: ? - help, Q - select action, (/) - cycle Shift-Dir - straight line, f/p - warg
Aim: a warg (heavily wounded, lightly drained, ally target, 65% to hit)
You shoot a bolt. The bolt hits the warg!
The warg is severely wounded.
The warg misses you. The warg bites you!
You die...
Fedhas appreciates your contribution to the ecosystem.

############
.......@P..P
......hPP...
~≈~≈~~~~~≈~~
h≈≈≈≈≈≈≈≈~≈~
~~~≈†≈o#####
...[.#


oo You could see a warg (drained, ally target) and an orc wizard (ally target).

Vanquished Creatures
  A two-headed ogre (D:9)
  Sigmund (D:4)
  A wyvern (D:8)
  4 wargs (D:9)
  A hell hound (D:9)
  An ice beast (D:7)
  An orc warrior (D:6)
  2 ogres
  2 sky beasts
  A centaur (D:8)
  A kobold brigand (D:7)
  Blork the orc (D:4)
  2 bullfrogs
  2 necrophages
  3 scorpions
  5 wights (D:7)
  4 killer bees (D:8)
  3 howler monkeys
  2 jellies
  2 orc priests
  3 hounds
  A gnoll bouda (D:5)
  3 iguanas (D:5)
  Natasha (thrice) (D:3)
  8 orc wizards
  5 gnolls (D:5)
  10 adders
  A white imp (D:7)
  2 ufetubi
  A worm (D:4)
  5 dart slugs
  23 orcs
  6 ball pythons
  11 endoplasms
  2 giant cockroaches (D:2)
  5 hobgoblins
  3 quokkas
  4 bats
  2 frilled lizards (D:1)
  3 goblins
  8 kobolds
  2 rats (D:1)
151 creatures vanquished.

Vanquished Creatures (others)
  2 foxfires (D:5)
  3 plants (D:9)
5 creatures vanquished.

Grand Total: 156 creatures vanquished

Notes
Turn   | Place    | Note
-------+----------+-------------------------------------------
     0 | D:1      | Hubris850 the Kobold Hunter began the quest for the Orb.
     0 | D:1      | Reached XP level 1. HP: 12/12 MP: 1/1
   156 | D:1      | Reached XP level 2. HP: 11/17 MP: 2/2
   179 | D:1      | Noticed a great orb of eyes
   180 | D:1      | Found a faded altar of an unknown god.
   180 | D:1      | Noticed a golden eye
   192 | D:1      | Noticed a golden eye
   196 | D:1      | Noticed a floating eye
   638 | D:2      | Reached XP level 3. HP: 21/21 MP: 3/3
   871 | D:2      | Reached skill level 6 in Ranged Weapons
  1377 | D:2      | Learned a level 1 spell: Foxfire
  1478 | D:3      | Reached XP level 4. HP: 26/26 MP: 4/4
  1806 | D:3      | Identified a scroll of acquirement
  1806 | D:3      | Acquired the ring "Puabb" {+Blink rC+}
  1825 | D:3      | Noticed Natasha
  1829 | D:3      | Killed Natasha
  1840 | D:3      | Found a basalt altar of Yredelemnul.
  1856 | D:3      | Reached skill level 1 in Evocations
  1868 | D:3      | Reached XP level 5. HP: 30/30 MP: 5/5
  2003 | D:3      | Noticed Natasha
  2009 | D:3      | Killed Natasha
  2010 | D:3      | Reached skill level 7 in Ranged Weapons
  2010 | D:3      | Reached skill level 5 in Stealth
  2010 | D:3      | Reached XP level 6. HP: 7/35 MP: 6/6
  2210 | D:3      | Noticed Natasha
  2212 | D:3      | Killed Natasha
  2591 | D:4      | Noticed Sigmund
  2596 | D:4      | Killed Sigmund
  2597 | D:4      | Reached skill level 8 in Ranged Weapons
  2597 | D:4      | Reached XP level 7. HP: 31/40 MP: 7/7
  2895 | D:4      | Learned a level 3 spell: Kindle Blastsparks
  2978 | D:4      | Noticed Blork the orc
  2982 | D:4      | Killed Blork the orc
  3310 | D:4      | Reached skill level 9 in Ranged Weapons
  3310 | D:4      | Reached skill level 1 in Conjurations
  3310 | D:4      | Reached skill level 1 in Translocations
  3310 | D:4      | Reached skill level 1 in Fire Magic
  3310 | D:4      | Reached skill level 1 in Air Magic
  3454 | D:4      | Reached skill level 1 in Spellcasting
  3456 | D:4      | Found a sparkling altar of Nemelex Xobeh.
  3519 | D:5      | Entered Level 5 of the Dungeon
  3758 | D:5      | Reached XP level 8. HP: 13/44 MP: 9/9
  4362 | D:5      | Found a staircase to the Ecumenical Temple.
  4372 | Temple   | Entered the Ecumenical Temple
  4507 | Temple   | Became a worshipper of Fedhas Madash
  4527 | D:5      | Reached skill level 10 in Ranged Weapons
  4906 | D:5      | Reached skill level 11 in Ranged Weapons
  5024 | D:6      | Found a radiant altar of Vehumet.
  5054 | D:6      | Reached * piety under Fedhas
  5212 | D:6      | Reached skill level 12 in Ranged Weapons
  5212 | D:6      | Reached XP level 9. HP: 47/48 MP: 10/10
  5358 | D:6      | Acquired a +4 arbalest of draining
  5567 | D:6      | Reached skill level 13 in Ranged Weapons
  5798 | D:7      | Reached skill level 14 in Ranged Weapons
  6505 | D:7      | Found a shadowy altar of Dithmenos.
  6616 | D:8      | Found Nuomuf's Assorted Antiques.
  6641 | D:8      | Reached ** piety under Fedhas
  6668 | D:8      | Found a snail-covered altar of Cheibriados.
  6732 | D:8      | Reached XP level 10. HP: 49/53 MP: 12/12
  6891 | D:8      | Found a glowing silver altar of Zin.
  6913 | D:8      | Found a hide-covered altar of Uskayaw.
  7025 | D:9      | Found a staircase to the Orcish Mines.
  7041 | D:9      | Noticed a two-headed ogre
  7045 | D:9      | Killed a two-headed ogre
  7046 | D:9      | Reached skill level 15 in Ranged Weapons
  7056 | D:9      | Noticed Maggie
  7064 | D:9      | Noticed a two-headed ogre
  7066 | D:9      | HP: 1/53 [orc priest/divine providence (10)]
  7156 | D:9      | Reached skill level 5 in Fire Magic
  7164 | D:9      | Slain by a warg

Illustrated notes

Levels and vault maps discovered:
D:1:      minmay_arrival_doors, layout_rooms,
          hellmonk_ecumenical_altar_watching_god
D:2:      layout_loops_ring
D:3:      layout_basic, yredelemnul_altar_generic, serial_park_tiny_pond,
          chequers_serial_rivers_micro_d, uniq_natasha
D:4:      layout_basic, nemelex_dance_club_becter, dk_rats_in_the_wall,
          uniq_sigmund, uniq_blork_the_orc
D:5:      layout_loops_ring, minmay_temple_entry_glassed_door,
          chequers_mini_garden, grunt_ministairs_9, grunt_decor_one_mirror,
          minmay_fountain_box, kennysheep_generic_room_11
D:6:      layout_cave_pools, lemuel_tele_altar, fiery_altar_vehumet,
          serial_column_ruins, column_ruins_pillar_4, column_ruins_pillar_3,
          column_ruins_pillar_3, column_ruins_pillar_3, column_ruins_pillar_2,
          column_ruins_pillar_1, column_ruins_pillar_6, column_ruins_pillar_1,
          column_ruins_pillar_2, column_ruins_pillar_1, column_ruins_pillar_6,
          column_ruins_pillar_12
D:7:      layout_basic, mainiacjoe_overflow_concentric_impassable
D:8:      layout_rooms, general_overflow_altar, mainiacjoe_overflow_alcove_1,
          overflow_temple_1_default, serial_shops, shop
D:9:      lemuel_castle_with_subvaults [lemuel_castle_interior_carwin_1],
          layout_irregular_city, orc_0_dummy, enter_bailey_3,
          nicolae_diode_quadrants, uniq_maggie, uniq_erolcha, uniq_joseph,
          uniq_pikel
Temple:   nicolae_temple_superstar

Skill      XL: |  1  2  3  4  5  6  7  8  9 10 |
---------------+-------------------------------+-----
Stealth        | 2 3 4 5 |  5.0
Ranged Weapons | 6 7 8 9 12 14 15 | 15.8
Evocations     | 1 2 3 |  3.0
Conjurations   | 1 3 |  3.0
Translocations | 1 2 |  2.0
Fire Magic     | 2 3 5 |  5.0
Air Magic      | 1 2 |  2.0
Spellcasting   | 1 2 |  2.0
Fighting       | |  2.1
Dodging        | |  2.4

Action                     |  1- 3 |  4- 6 |  7- 9 | 10-12 || total
---------------------------+-------+-------+-------+-------++-------
   Fire: Shortbow          |    61 |    57 |   226 |       ||   344
         Arbalest          |       |       |    63 |    40 ||   103
   Cast: Foxfire           |       |       |     1 |       ||     1
 Invoke: Wall of Briars    |       |       |       |     1 ||     1
Ability: Evoke Blink       |       |       |     3 |       ||     3
    Use: Scroll            |     5 |     5 |    10 |     3 ||    23
         Potion            |       |       |     2 |     1 ||     3
 Armour: Leather armour    |     9 |     9 |    53 |     4 ||    75
  Dodge: Dodged            |    24 |    18 |   142 |    30 ||   214

Table legend: (Time is in decaauts)
 A = Elapsed time spent in this place.
 B = Non-inter-level travel time spent in this place.
 C = Inter-level travel time spent in this place.
 D = Time resting spent in this place.
 E = Time spent auto-exploring this place.
 F = Levels seen in this place.
 G = Mean time per level.
                   A        B        C        D        E       F      G
               +--------+--------+--------+--------+--------+-----+--------+
         Total |   7226 |   7031 |    195 |    660 |   5360 |  10 |  722.6 |
       Dungeon |   7082 |   6896 |    186 |    660 |   5243 |   9 |  786.9 |
        Temple |    144 |    135 |      9 |      0 |    117 |   1 |  144.0 |
               +--------+--------+--------+--------+--------+-----+--------+

Top non-repeatable levels by time:
     D:5: 1238 daAuts
     D:3: 1170 daAuts
     D:4: 1096 daAuts
     D:7: 949 daAuts
     D:2: 785 daAuts
     D:1: 622 daAuts
     D:6: 572 daAuts
     D:8: 498 daAuts
     D:9: 146 daAuts
  Temple: 144 daAuts
